 Dungeon Crawl Stone Soup version 0.23.2-40-g277498a001 (webtiles) character file.

Game seed: 2468877407561443924

172 MalarOregon the Skirmisher (level 5, -3/47 HPs)
             Began as a Draconian Abyssal Knight on Sept 21, 2019.
             Was a Believer of Lugonu.
             Slain by an ice beast (12 damage)
             ... on level 4 of the Dungeon.
             The game lasted 00:04:40 (2722 turns).

MalarOregon the Skirmisher (DrAK)                   Turns: 2722, Time: 00:04:41

Health: -3/47      AC:  5    Str: 14    XL:     5   Next: 27%
Magic:  7/7        EV: 12    Int: 12    God:    Lugonu [**....]
Gold:   199        SH:  0    Dex: 12    Spells: 4/4 levels left

rFire    . . .     SeeInvis .   a - +1 falchion
rCold    . . .     Gourm    .   (no shield)
rNeg     . . .     Faith    .   (armour unavailable)
rPois    .         Spirit   .   (helmet restricted)
rElec    .         Reflect  .   (no cloak)
rCorr    .         Harm     .   (no gloves)
MR       .....                  (no boots)
Stlth    +.........             h - amulet of rage
HPRegen  0.15/turn              (no ring)
MPRegen  0.10/turn              (no ring)

@: slowed, very slow
A: unfitting armour, cold-blooded, AC +5
a: Depart the Abyss, Bend Space, Renounce Religion, Evoke Berserk Rage


You were on level 4 of the Dungeon.
You worshipped Lugonu.
Lugonu was pleased with you.
You were not hungry.

You visited 1 branch of the dungeon, and saw 4 of its levels.
You visited the Abyss 1 time.

You collected 199 gold pieces.

Inventory:

Hand Weapons
 a - a +1 falchion (weapon)
 b - a +0 hunting sling
   (You found it on level 1 of the Dungeon)
Missiles
 l - 10 bolts
 n - 139 stones (quivered)
 s - 10 sling bullets
Jewellery
 h - an amulet of rage (around neck)
   (You found it on level 1 of the Dungeon)
Scrolls
 c - 2 scrolls of remove curse {unknown}
 d - 2 scrolls of teleportation {@r4}
 f - 2 scrolls of noise {unknown}
 g - 5 scrolls of identify {unknown}
 i - a scroll of fear {unknown}
 q - 3 scrolls of magic mapping {unknown}
Potions
 j - a potion of agility {unknown}
 k - a potion of degeneration {unknown}
 m - 2 potions of invisibility {unknown}
 o - a potion of brilliance {unknown}
 p - a potion of curing {unknown}
 r - a potion of flight {unknown}
 t - a potion of haste {unknown}
 u - a potion of heal wounds {unknown}
Comestibles
 e - 5 rations {!d}
 v - 3 chunks of flesh


   Skills:
 + Level 4.6 Fighting
 + Level 3.5 Long Blades
 - Level 2.1 Dodging
 + Level 3.8 Invocations


You had 4 spell levels left.
You didn't know any spells.
Your spell library was empty.

Dungeon Overview and Level Annotations

Branches:
Dungeon (4/15)
 Temple: D:4-7

Altars:
Ashenzari
Gozag
Trog
Vehumet
Xom

Shops:
D:2 *


Innate Abilities, Weirdness & Mutations

Your plain brown scales are hard. (AC +5)
You cannot fit into any form of body armour.
You are cold-blooded and may be slowed by cold attacks.


Message History

You butcher the worker ant corpse.
v - 3 chunks of flesh
n - 139 stones (gained 29)
s - 8 sling bullets (gained 1)
s - 9 sling bullets (gained 1)
s - 11 sling bullets (gained 2)
You see here a leather armour.
An ice beast comes into view.
An ice beast is nearby!
Firing (i - inventory. (/) - cycle)
s - 11 sling bullets (quivered)
Aim: an ice beast You shoot a sling bullet.
The sling bullet barely misses the ice beast.
a - a +1 falchion (weapon)
You hit the ice beast.
You tail-slap the ice beast, but do no damage.
The ice beast hits you. The ice beast freezes you! The ice beast misses you.
You riposte.
You hit the ice beast but do no damage. You hit the ice beast but do no damage.
You hear the slow hiss of a distant avalanche of sand.
The ice beast hits you. The ice beast freezes you.
You feel yourself slow down.
You closely miss the ice beast.
The ice beast hits you but does no damage.
You closely miss the ice beast.
You tail-slap the ice beast, but do no damage.
You feel yourself speed up. The ice beast closely misses you.
The ice beast hits you but does no damage.
You hit the ice beast. The ice beast hits you. The ice beast freezes you.
You feel yourself slow down.
Unknown command.
You hit the ice beast.
You tail-slap the ice beast, but do no damage.
The ice beast hits you. The ice beast freezes you!
You feel as though you will be slow longer.
* * * LOW HITPOINT WARNING * * *
The ice beast hits you but does no damage.
You hit the ice beast but do no damage. The ice beast hits you.
* * * LOW HITPOINT WARNING * * *
The ice beast freezes you.
You feel as though you will be slow longer.
* * * LOW HITPOINT WARNING * * *
The ice beast barely misses you.
Okay, then.
You closely miss the ice beast. The ice beast hits you.
* * * LOW HITPOINT WARNING * * *
The ice beast freezes you!
You feel as though you will be slow longer.
You die...

##.. ##....#
#.#
##..####..[..#
#.#
#...##..###..#
#.# ##.....###
#..# #.#
##......# #..#
#.#
###......##
#..# ##.#
#........#
#..#####..#
........####
##..........
.....###@..#
#....#####..
.....
#Y........##
#.. ....
..######..#
..# ... .(.#
##.# ... .
##### #.# ###
..# ... #..


You could see an ice beast.

Vanquished Creatures
  A worker ant (D:4)
  5 adders
  2 oozes
  2 worms (D:3)
  A dart slug (D:2)
  5 leopard geckos
  An orc (D:3)
  A ball python (D:3)
  4 giant cockroaches
  11 goblins
  6 hobgoblins
  13 jackals
  4 quokkas
  6 bats
  6 frilled lizards
  4 kobolds
  4 rats
76 creatures vanquished.

Notes
Turn   | Place    | Note
-------+----------+-------------------------------------------
     0 | Abyss:1  | MalarOregon the Draconian Abyssal Knight began the quest
                  | for the Orb.
     0 | Abyss:1  | Reached XP level 1. HP: 19/19 MP: 2/2
    26 | Abyss:1  | Noticed a tentacled starspawn
    27 | D:1      | Escaped the Abyss
    53 | D:1      | Reached * piety under Lugonu
   130 | D:1      | Reached XP level 2. HP: 26/26 MP: 3/3
   791 | D:1      | Reached XP level 3. HP: 32/33 MP: 5/5
  1047 | D:2      | Found an opulent altar of Gozag.
  1052 | D:2      | Found Gozag's Platinum Reserve.
  1083 | D:2      | Found a bloodstained altar of Trog.
  1178 | D:2      | Reached skill level 4 in Fighting
  1427 | D:2      | Found a shattered altar of Ashenzari.
  1434 | D:2      | Reached ** piety under Lugonu
  1434 | D:2      | Reached XP level 4. HP: 36/40 MP: 6/6
  1958 | D:3      | Found a radiant altar of Vehumet.
  2337 | D:3      | Found a shimmering altar of Xom.
  2370 | D:3      | Reached XP level 5. HP: 36/47 MP: 7/7
  2712 | D:4      | Noticed an ice beast
  2722 | D:4      | Slain by an ice beast

Skill      XL: |  1  2  3  4 |
---------------+-------------+-----
Fighting       | 4 |  4.6
Invocations    | 3 |  3.8
Long Blades    | 3 |  3.5
Dodging        | |  2.1

Action                   |  1- 3 |  4- 6 || total
-------------------------+-------+-------++-------
Melee: Falchion          |    76 |    11 ||    87
       Tailslap          |     4 |     4 ||     8
 Fire: Hunting sling     |    26 |   165 ||   191
Invok: Depart the Abyss  |     1 |       ||     1
  Use: Scroll            |       |     1 ||     1
  Eat: Chunk             |     2 |     4 ||     6
Armor: Skin              |    33 |    44 ||    77
Dodge: Dodged            |    80 |    84 ||   164
       Rpst.: Falchion   |    25 |     2 ||    27
